 Dungeon Crawl Stone Soup version 0.29.0-10-g45618ea6d2 (webtiles) character file.

Game seed: 8486650572135238931

2303 SensoryNuts the Carver (level 9, -4/102 HPs)
             Began as a Demonspawn Fighter on Sept 1, 2022.
             Slain by an ogre
             ... wielding a +0 halberd
              (18 damage)
             ... in a bailey.
             The game lasted 00:08:11 (9414 turns).

SensoryNuts the Carver (Demonspawn Fighter)         Turns: 9414, Time: 00:08:12

Health: -4/102     AC: 24    Str: 16    XL:     9   Next: 18%
Magic:  0/9        EV:  2    Int:  9    God:
Gold:   520        SH:  5    Dex: 18    Spells: 8/8 levels left

rFire   . . .      SeeInvis .   x - +4 long sword
rCold   . . .      Faith    .   c - +0 buckler
rNeg    . . .      Spirit   +   (body armour currently unavailable)
rPois   +          Reflect  .   (helmet currently unavailable)
rElec   .          Harm     .   (cloak currently unavailable)
rCorr   .          Rampage  .   (gloves currently unavailable)
Will    .....      NoTele   +   (boots currently unavailable)
Stlth   ++........              g - amulet of guardian spirit
HPRegen 0.27/turn               (no ring)
MPRegen 0.11/turn               (no ring)

@: mighty, brilliant, tree-form
A: stationary, stasis, torment immunity, boosted hp, (claws 2), (yellow scales
1), powered by death 2
a: no special abilities


You were in a bailey.
You were a tree.
You visited 2 branches of the dungeon, and saw 9 of its levels.
You also visited: Bailey.

You collected 520 gold pieces.

Inventory:

Hand Weapons
 x - a +4 long sword (weapon)
Armour
 c - a +0 buckler (worn)
 k - a +0 plate armour (melded)
 v - a +0 pair of boots (melded)
Jewellery
 g - an amulet of guardian spirit (around neck)
 o - a ring of fire
 r - a ring of protection from cold
Wands
 j - a wand of paralysis (9)
 q - a wand of roots (9)
 t - a wand of polymorph (5)
 u - a wand of flame (3)
Scrolls
 a - 2 scrolls of identify
 f - 2 scrolls of magic mapping
 l - 5 scrolls of teleportation
Potions
 i - 3 potions of brilliance
 m - 2 potions of degeneration
 n - a potion of attraction
 p - a potion of mutation
 w - 4 potions of lignification


   Skills:
 + Level 5.4 Fighting
 * Level 8.4 Long Blades
 + Level 5.5 Armour
 + Level 2.5 Dodging
 + Level 0.4 Stealth
 + Level 4.0 Shields


You had 8 spell levels left.
You didn't know any spells.
Your spell library contained the following spells:

 Spells                   Type           Power      Damage    Failure   Level
 Apportation              Tloc           0%         N/A       45%         1
 Necrotise                Necr           0%         1d4       45%         1
 Summon Small Mammal      Summ           0%         N/A       45%         1
 Static Discharge         Conj/Air       0%         3-3/arc   61%         2
 Conjure Flame            Conj/Fire      0%         6-21      83%         3
 Gell's Gravitas          Tloc           0%         N/A       83%         3
 Ignite Poison            Fire/Tmut/Pois 0%         N/A       83%         3
 Teleport Other           Tloc           0%         N/A       83%         3
 Airstrike                Air            0%         2d(0-16)  99%         4
 Corpse Rot               Necr/Pois/Air  0%         N/A       99%         4
 Sticky Flame             Conj/Fire      0%         2d3       99%         4
 Summon Lightning Spire   Summ/Air       0%         N/A       99%         4
 Lightning Bolt           Conj/Air       0%         1d11      100%        5
 Conjure Ball Lightning   Conj/Air       0%         3x3d6     100%        6
 Dispersal                Tloc           0%         N/A       100%        6
 Storm Form               Tmut/Air       0%         N/A       100%        7


Dungeon Overview and Level Annotations

Branches:
Dungeon (8/15)             Temple (1/1) D:4          Bailey (1/1)
   Lair: D:8-11

Altars:
Cheibriados
Dithmenos
Fedhas
Gozag
Hepliaklqana
Kikubaaqudgha
Okawaru
Sif Muna
Uskayaw
Xom

Shops:
D:5 *=   D:7 ?

Annotations:
D:5 1 runed translucent door, Flarelocke's ghost, novice MiFi


Innate Abilities, Weirdness & Mutations

You are a tree.
Your roots penetrate the ground, keeping you stationary.
You cannot be teleported.
You are immune to unholy pain and torment.
Your maximum health is greatly increased.
Your equipment is partially melded.
((You have very sharp fingernails.))
((You are partially covered in yellow scales. (AC +2)))
You regenerate health from kills.


Message History

The ogre hits you with a +0 halberd!!
The ogre shouts!
You slash the ogre!
The ogre is almost dead.
You block the ogre's attack.
The ogre hits you from afar with a +0 halberd!
Unknown command.
Okay, then.
Really read the scroll of poison?
The air fills with toxic fumes!
As you read the scroll of poison, it crumbles to dust.
The ogre hits you with a +0 halberd!
* * * LOW HITPOINT WARNING * * *
Okay, then.
Really quaff the potion of lignification?
You turn into a tree.
Your +0 pair of boots melds into your body.
Your +0 plate armour melds into your body.
Your roots penetrate the ground.
You block the ogre's attack. The ogre hits you but does no damage.
The ogre hits you with a +0 halberd.
* * * LOW HITPOINT WARNING * * *
You barely miss the ogre.
The ogre is almost dead.
The ogre hits you from afar with a +0 halberd!
* * * LOW HITPOINT WARNING * * *
The ogre completely misses you.
You slice the ogre!!
You kill the ogre!
You swing at nothing.
You block the ogre's attack.
The ogre hits you from afar with a +0 halberd!
* * * LOW HITPOINT WARNING * * *
You feel better. The ogre hits you but does no damage.
The ogre hits you from afar with a +0 halberd.
* * * LOW HITPOINT WARNING * * *
You feel clever all of a sudden.
You swing at nothing.
The ogre barely misses you. The ogre hits you but does no damage.
You swing at nothing.
The ogre hits you but does no damage.
The ogre hits you from afar with a +0 halberd!!
You die...

#######
###§○○☼§###
##§○☼☼§☼○§§##
##§§§☼☼§○§§§§##
#§§○☼§§°§§○§§§#
##§§§☼☼☼♣§§§§##
##§§☼O)○§☼☼##
###○§O§§###
#§O§○☼# #☼§§§§#
#○O○§○○°
#O§☼§○°§☼.
#○○#♣#♣#♣#○.
..# ♣..


You could see 5 ogres.

Vanquished Creatures
  Sigmund (D:5)
  A black bear (D:5)
  3 sky beasts
  An ogre (Bailey)
  A phantom (D:5)
  2 kobold brigands (D:7)
  2 necrophages
  A scorpion (D:5)
  5 wights
  5 killer bees
  3 howler monkeys
  6 hounds
  4 jellies
  Ijyb (D:5)
  4 iguanas
  An orc wizard (D:3)
  2 gnolls (D:1)
  11 adders
  An ufetubus (D:4)
  A worm (D:2)
  2 dart slugs
  20 orcs
  4 ball pythons
  9 endoplasms
  3 giant cockroaches
  12 goblins
  6 hobgoblins
  13 jackals
  5 quokkas
  7 bats
  15 kobolds
  6 rats
158 creatures vanquished.

Vanquished Creatures (others)
  5 toadstools (D:7)
5 creatures vanquished.

Grand Total: 163 creatures vanquished

Notes
Turn   | Place    | Note
-------+----------+-------------------------------------------
     0 | D:1      | SensoryNuts the Demonspawn Fighter began the quest for the
                  | Orb.
     0 | D:1      | Reached XP level 1. HP: 18/18 MP: 1/1
   307 | D:1      | Gained mutation: You regenerate a little health from kills.
                  | [demonic ancestry]
   307 | D:1      | Reached XP level 2. HP: 24/24 MP: 2/2
   362 | D:1      | Reached skill level 2 in Long Blades
   423 | D:1      | Gained mutation: You are partially covered in yellow
                  | scales. (AC +2) [demonic ancestry]
   423 | D:1      | Reached XP level 3. HP: 6/29 MP: 3/3
   674 | D:1      | Noticed an eye of devastation
   679 | D:1      | Noticed a golden eye
   681 | D:1      | Found a faded altar of an unknown god.
   682 | D:1      | Noticed a golden eye
   682 | D:1      | Noticed a shining eye
  1627 | D:2      | Gained mutation: You have sharp fingernails. [demonic
                  | ancestry]
  1627 | D:2      | Reached XP level 4. HP: 31/35 MP: 4/4
  1919 | D:2      | Reached skill level 3 in Long Blades
  2989 | D:3      | Gained mutation: You have very sharp fingernails. [demonic
                  | ancestry]
  2989 | D:3      | Reached XP level 5. HP: 32/42 MP: 5/5
  3410 | D:3      | Reached skill level 4 in Long Blades
  3427 | D:3      | Got the Book of Vapour
  3842 | D:4      | Reached XP level 6. HP: 38/48 MP: 2/6
  3891 | D:4      | Found a staircase to the Ecumenical Temple.
  4181 | D:4      | Reached skill level 1 in Dodging
  4454 | Temple   | Entered the Ecumenical Temple
  4699 | D:5      | Entered Level 5 of the Dungeon
  4843 | D:5      | Found an opulent altar of Gozag.
  4847 | D:5      | Reached skill level 5 in Long Blades
  5068 | D:5      | Noticed Ijyb
  5092 | D:5      | Killed Ijyb
  5280 | D:5      | Gained mutation: You regenerate health from kills. [demonic
                  | ancestry]
  5280 | D:5      | Reached XP level 7. HP: 45/54 MP: 5/7
  5364 | D:5      | Found Xokabbi's Jewellery Shoppe.
  5485 | D:5      | Found Yrghaujeu's Assorted Antiques.
  5650 | D:5      | Reached skill level 6 in Long Blades
  5714 | D:5      | Found a runed translucent door.
  5723 | D:5      | Noticed Flarelocke's ghost (novice MiFi)
  5798 | D:5      | Noticed Sigmund
  5808 | D:5      | Killed Sigmund
  6053 | D:5      | Reached XP level 8. HP: 61/61 MP: 8/8
  6438 | D:6      | Found a faded altar of an unknown god.
  6438 | D:6      | Found a faded altar of an unknown god.
  6440 | D:6      | Found a faded altar of an unknown god.
  6440 | D:6      | Found a hazy altar of Hepliaklqana.
  6488 | D:6      | Reached skill level 7 in Long Blades
  7136 | D:6      | Reached skill level 5 in Armour
  7553 | D:7      | Found Naopnuawn's Magic Scroll Boutique.
  7630 | D:7      | Identified the +0 robe "Coesen" {MP+9 Int+3}
  7868 | D:7      | Reached skill level 8 in Long Blades
  8852 | D:8      | Found a flagged portal.
  8878 | D:7      | HP: 2/61 [killer bee (3)]
  8887 | D:7      | HP: 3/61 [poisoned by a killer bee]
  8894 | D:7      | Reached skill level 5 in Fighting
  8900 | D:7      | Reached XP level 9. HP: 12/68 MP: 1/9
  9384 | Bailey   | Entered a bailey
  9414 | Bailey   | Slain by an ogre

Illustrated notes

Levels and vault maps discovered:
D:1:      amcnicky_arrival_blooded_trapdoor, layout_basic,
          hellmonk_ecumenical_altar_watching_god, minmay_misc_feat_nine_boxes,
          dreamdust_mushroom_princess
D:2:      layout_basic, minmay_quadrilaterals
D:3:      layout_basic, minmay_checkerbox
D:4:      layout_basic, minmay_temple_entry_mini_moons, minmay_quantized
D:5:      layout_loops_corners, mainiacjoe_overflow_catwalk_spiral,
          serial_shops, shop, ebering_ghost_reflecting_pool,
          kennysheep_windowed_goal, uniq_ijyb, uniq_sigmund
D:6:      layout_basic, nicolae_hepliaklqana_ecumenical_no_more
D:7:      layout_basic, serial_co_window_serial, co_window_paths_b,
          co_window_corner_a, co_window_corner_a, co_window_paths_a,
          co_window_paths_a, co_window_corner_ca, co_window_2corner,
          co_window_2corner, co_window_2corner, co_window_paths_d,
          co_window_4corner_b, glass_columns_a, glass_columns_b,
          glass_columns_c, nicolae_take_the_stairs, minmay_gold_behind_fungi
D:8:      layout_basic, nicolae_qazlal_general_emergency, enter_bailey_3,
          nicolae_figureground_sparkle
Temple:   chequers_temple_sunken
Bailey:   bailey_polearm_enchanted_keep_hellmonk, bailey

Skill      XL: |  1  2  3  4  5  6  7  8  9 |
---------------+----------------------------+-----
Long Blades    | 2 3 4 5 6 8 |  8.4
Shields        | 3 4 |  4.0
Armour         | 3 4 5 |  5.5
Dodging        | 1 2 |  2.5
Fighting       | 4 5 |  5.4
Stealth        | |  0.4

Action                   |  1- 3 |  4- 6 |  7- 9 || total
-------------------------+-------+-------+-------++-------
Melee: Long sword        |   130 |   277 |   255 ||   662
  Use: Scroll            |     4 |     6 |     5 ||    15
       Potion            |       |       |    14 ||    14
Armor: Scale mail        |    78 |   184 |    81 ||   343
       Plate armour      |       |       |   126 ||   126
       Skin              |       |       |    25 ||    25
Dodge: Dodged            |    68 |   137 |   115 ||   320
Block: Buckler           |    37 |    71 |    96 ||   204
